 Dungeon Crawl Stone Soup version 0.25-a0-668-gea548f19b6 (webtiles) character file.

Game seed: 5475409284972884302, levelgen mode: deterministic

17 Kohma the Bolt Thrower (level 2, -1/18 HPs)
             Began as a Kobold Hunter on Mar 28, 2020.
             Slain by a kobold
             ... wielding a +2 mace of holy wrath
              (5 damage)
             ... on level 1 of the Dungeon.
             The game lasted 00:03:00 (579 turns).

Kohma the Bolt Thrower (Kobold Hunter)               Turns: 579, Time: 00:03:01

Health: -1/18      AC:  3    Str:  9    XL:     2   Next: 80%
Magic:  2/2        EV: 15    Int: 12    God:
Gold:   34         SH:  0    Dex: 15    Spells: 1/1 levels left

rFire    . . .     SeeInvis .   g - +4 dagger (venom)
rCold    . . .     Gourm    .   (shield restricted)
rNeg     . . .     Faith    .   c - +0 leather armour
rPois    .         Spirit   .   (no helmet)
rElec    .         Reflect  .   (no cloak)
rCorr    .         Harm     .   (no gloves)
MR       .....                  (no boots)
Stlth    ++........             (no amulet)
HPRegen  0.06/turn              (no ring)
MPRegen  0.08/turn              (no ring)

@: no status effects
A: small, carnivore
a: no special abilities


You were on level 1 of the Dungeon.
You were completely stuffed.

You visited 1 branch of the dungeon, and saw 1 of its levels.

You collected 34 gold pieces.

Inventory:

Hand Weapons
 a - a +1 hand crossbow
 g - a +4 dagger of venom (weapon)
Missiles
 b - 14 poisoned darts (quivered)
 d - 20 bolts
 i - 25 stones
Armour
 c - a +0 leather armour (worn)
Scrolls
 e - a scroll of teleportation {unknown}
 h - a scroll of enchant weapon {unknown}
 l - a scroll of remove curse {unknown}
 m - a scroll of blinking {unknown}
Potions
 j - a potion of curing {unknown}
Comestibles
 f - a ration


   Skills:
 + Level 2.6 Fighting
 - Level 5.0 Crossbows
 + Level 2.8 Dodging
 + Level 2.2 Stealth


You had one spell level left.
You didn't know any spells.
Your spell library was empty.

Dungeon Overview and Level Annotations

Branches:
Dungeon (1/15)

Altars:


Innate Abilities, Weirdness & Mutations

You are small and have problems with some larger weapons.
You are carnivorous and can eat meat at any time.


Message History

A kobold comes into view. It is wielding a +2 mace of holy wrath.
The kobold moves out of view.
The dart slug barely misses you.
You hit the dart slug but do no damage.
The dart slug is poisoned.
The dart slug closely misses you.
You hit the dart slug.
The dart slug looks as sick as possible!
The dart slug is heavily wounded.
You kill the dart slug!
You see here a dart slug corpse.
You start resting.
All of the chunks of flesh in your inventory have rotted away.
The kobold is too close now for your liking.
A kobold is nearby!
The kobold shouts!
The kobold hits you with a +2 mace of holy wrath!
* * * LOW HITPOINT WARNING * * *
You closely miss the kobold.
The kobold hits you with a +2 mace of holy wrath.
You die...

#.### ..#.. ###.# ....##
.#...# .#...# #
.#...##############.####
..............†.........
................@K......
.##################'####
.# .# .. ##


You could see a kobold.

Vanquished Creatures
  A dart slug (D:1)
  3 goblins (D:1)
  A hobgoblin (D:1)
  3 jackals (D:1)
  A kobold (D:1)
  A ball python (D:1)
  A bat (D:1)
  2 frilled lizards (D:1)
  A rat (D:1)
14 creatures vanquished.

Notes
Turn   | Place    | Note
-------+----------+-------------------------------------------
     0 | D:1      | Kohma the Kobold Hunter began the quest for the Orb.
     0 | D:1      | Reached XP level 1. HP: 12/12 MP: 1/1
   288 | D:1      | Reached XP level 2. HP: 18/18 MP: 2/2
   302 | D:1      | Reached skill level 5 in Crossbows
   579 | D:1      | Slain by a kobold

Levels and vault maps discovered:
D:1:      kennysheep_arrival_forest, layout_basic, minmay_strange_pillars,
          nrook_loot_triangle

Skill      XL: |  1  2 |
---------------+-------+-----
Crossbows      | 5 |  5.0
Stealth        | 2 |  2.2
Fighting       | |  2.6
Dodging        | |  2.8

Action                   || total
-------------------------++-------
Melee: Short sword       ||    25
       Dagger            ||    28
  Eat: Chunk             ||     7
Armor: Leather armour    ||    12
Dodge: Dodged            ||    58

Table legend:
 A = Non-vault XP
 B = Vault XP
 C = Vault XP percentage of total XP
 D = Non-vault monster count
 E = Vault monster count
 F = Vault count percentage of total count
                 A         B        C        D         E       F
            +---------+---------+-------+---------+---------+-------
      Total |      25 |       0 |   0.0 |      14 |       0 |   0.0
            +---------+---------+-------+---------+---------+-------
        D:1 |      25 |       0 |   0.0 |      14 |       0 |   0.0
            +---------+---------+-------+---------+---------+-------
